cohdb
Replays
Latest Replays
All Replays
Popular Replays
Top Player Replays
Match Explorer
How It Works
Community
CoH3 Stats
Reddit
Sign in to upload your games and track your stats! →
Sign in with Steam
transisters got their butt slapped? By me ;)
Match 21450725
Overview
Messages
Build Orders
End
Kradschützen Motorcycle Team
Selects Italian Combined Arms Battlegroup
Selects Bersaglieri Squad
Bersaglieri Squad
Bersaglieri Squad
Construct Light Support Kompanie
Bersaglieri Squad
Fire Support Elements
Flakvierling Half-track
Pak 38 Mechanized Group
Combat Half-tracks
Bersaglieri Squad
Veteran Squad Leaders
2.5-tonne Medical Truck
Construct Panzerarmee Kommand
Selects Semovente da 75/18 Assault Gun
Selects Strafing Run
Walking Stuka Rocket Launcher
Pak 38 Mechanized Group
Emergency Repair Kits
Strafing Run
Selects Artillery Cover
Artillery Cover
Panzer III L Medium Tank
Panzer III L Medium Tank
Vehicle Survival Package
Selects Vehicle Support - Secure Location
Selects Breda Model 30 Light Machine Guns
Tungsten Core Ammunition
Artillery Cover
Construct Mechanized Kompanie
Panzerpioneer Squad
Support Armor Elements
18-tonne Recovery Half-track
juand400
ValiantHawk
Depthz
Cheeki Bяeeki
ChaBoi
Adult Asthma Is A Choice
Kriegshase
First Trans Champ
0
0
Comments
sign in to comment!
No comments posted yet!